 Dungeon Crawl Stone Soup version 0.30-a0-439-g9e77e4d916 (webtiles) character file.

Game seed: 3022903301083305692

44 porpoise the Chopper (level 3, 0/49 HPs)
             Began as a Hill Orc Monk on Dec 11, 2022.
             Succumbed to an adder's poison
             ... on level 2 of the Dungeon.
             The game lasted 00:04:45 (997 turns).

porpoise the Chopper (Hill Orc Monk)                 Turns: 997, Time: 00:04:45

Health: 0/49       AC:  2    Str: 15    XL:     3   Next: 60%
Magic:  3/3        EV: 12    Int: 10    God:
Gold:   31         SH:  0    Dex: 13    Spells: 2/2 levels left

rFire   . . .      SeeInvis .    a - +0 hand axe
rCold   . . .      Faith    .    (no shield)
rNeg    . . .      Spirit   .    k - +0 robe
rPois   .          Reflect  .    (no helmet)
rElec   .          Harm     .    (no cloak)
rCorr   .          Rampage  .    (no gloves)
Will    .....                    (no boots)
Stlth   ..........               (no amulet)
HPRegen 0.28/turn                (no ring)
MPRegen 0.08/turn                (no ring)

@: berserking (expiring), lethally poisoned (0 -> -2), flying, very quick
A: no striking features
a: no special abilities


You were on level 2 of the Dungeon.
You visited 1 branch of the dungeon, and saw 2 of its levels.

You collected 31 gold pieces.

Inventory:

Hand Weapons
 a - a +0 hand axe (weapon)
 b - a +0 sling
Missiles
 j - 3 poisoned darts (quivered)
Armour
 k - a +0 robe (worn)
Jewellery
 d - a +4 ring of protection
 l - an amulet of magic regeneration
Scrolls
 e - a scroll of torment {unknown}
 g - a scroll of magic mapping {unknown}
 h - 2 scrolls of enchant armour {unknown}
Potions
 c - a potion of ambrosia
 i - a potion of flight


   Skills:
 + Level 4.3 Fighting
 * Level 5.4 Axes
 - Level 2.4 Dodging
 - Level 1.5 Stealth


You had 2 spell levels left.
You didn't know any spells.
Your spell library was empty.

Dungeon Overview and Level Annotations

Branches:
Dungeon (2/15)

Altars:


Message History

You feel sick.
You are no longer poisoned.
The adder barely misses you. The adder closely misses you.
You closely miss the adder.
The adder is almost dead.
The adder bites you.
You are poisoned.
The adder poisons you!
You closely miss the adder.
The adder is severely wounded.
You feel sick. The adder closely misses you.
You miss the adder.
The adder is severely wounded.
You feel sick. The adder barely misses you. The adder bites you.
You are more poisoned.
The adder poisons you!
You closely miss the adder.
The adder is severely wounded.
* * * LOW HITPOINT WARNING * * *
You feel sick. The adder bites you.
* * * LOW HITPOINT WARNING * * *
You hit the adder.
You kill the adder!
* * * LOW HITPOINT WARNING * * *
You feel sick.
It was a potion of flight.
You feel very buoyant.
You fly up into the air.
* * * LOW HITPOINT WARNING * * *
You feel sick.
It was a potion of berserk rage.
A red film seems to cover your vision as you go berserk!
You feel yourself moving faster!
You feel mighty!
* * * LOW HITPOINT WARNING * * *
You feel sick.
You feel a strong urge to attack something.
* * * LOW HITPOINT WARNING * * *
You feel sick.
You feel your anger nearly subside.
You die...

#...#.##.# ..#.
..##.# ##
...####.#
.#..####.#
..........########
.#.##...........#
#.###..####.#
#.###..### #
#..@...#
#.....†...#.#
..........#.#
#!.#......... ..
#....###.## #
#.#..# ... #.#..#
### .....#


There were no monsters in sight!

Vanquished Creatures
  An adder (D:2)
  A dart slug (D:1)
  4 ball pythons (D:1)
  4 bats (D:1)
  3 endoplasms (D:1)
  A giant cockroach (D:1)
  A goblin (D:1)
  4 hobgoblins
  2 jackals (D:1)
  2 quokkas (D:1)
  4 kobolds (D:1)
  2 rats (D:1)
29 creatures vanquished.

Notes
Turn   | Place    | Note
-------+----------+-------------------------------------------
     0 | D:1      | porpoise the Hill Orc Monk began the quest for the Orb.
     0 | D:1      | Reached XP level 1. HP: 19/19 MP: 1/1
    58 | D:1      | Reached XP level 2. HP: 22/27 MP: 2/2
   353 | D:1      | Reached skill level 5 in Axes
   526 | D:1      | Reached XP level 3. HP: 33/33 MP: 3/3
   993 | D:2      | HP: 1/33 [poisoned by an adder]
   997 | D:2      | Succumbed to an adder's poison

Illustrated notes

Levels and vault maps discovered:
D:1:      minmay_arrival_three_doors, layout_basic
D:2:      layout_loops_cross, serial_shops, shop, uniq_natasha

Skill      XL: |  1  2 |
---------------+-------+-----
Fighting       | 4 |  4.3
Axes           | 5 |  5.4
Dodging        | |  2.4
Stealth        | |  1.5

Action                   || total
-------------------------++-------
Melee: Hand axe          ||   116
  Use: Potion            ||     2
 Stab: Sleeping          ||     3
Armor: Robe              ||    29
Dodge: Dodged            ||    62

Table legend: (Time is in decaauts)
 A = Elapsed time spent in this place.
 B = Non-inter-level travel time spent in this place.
 C = Inter-level travel time spent in this place.
 D = Time resting spent in this place.
 E = Time spent auto-exploring this place.
 F = Levels seen in this place.
 G = Mean time per level.
                   A        B        C        D        E       F      G
               +--------+--------+--------+--------+--------+-----+--------+
         Total |   1001 |    991 |     10 |    210 |    494 |   2 |  500.5 |
       Dungeon |   1001 |    991 |     10 |    210 |    494 |   2 |  500.5 |
               +--------+--------+--------+--------+--------+-----+--------+

Top non-repeatable levels by time:
     D:1: 908 daAuts
     D:2: 93 daAuts
